Map: Mundo de durmientes EE

Players

Serral - Winner!

  • Race: Zerg Zerg
  • League: Master
  • Spawn Location: 1:00

Cure

  • Race: Terran Terran
  • League: Master
  • Spawn Location: 7:00

VOD

Have the link to the VOD?

Description

Time

  • Played on: Jan. 14, 2020, 2:44 p.m.
  • Length: 10:59
Show
View Real Time Build Order
Export as new Build Order

Serral Zerg - Winner!

Build Orders: Hatch First 

Get SALT Encoding   

  12  0:00  Drone  
  13  0:12  Overlord  
  13  0:17  Drone  
  14  0:31  Drone x2  
  16  0:50  Drone  
  16  0:51  Hatchery  
  16  0:54  Drone  
  17  0:58  Drone  
  18  1:08  Extractor  
  17  1:13  Spawning Pool  
  17  1:15  Drone  
  17  1:19  Drone  
  18  1:28  Drone  
  19  1:39  Drone  
  20  1:51  Overlord  
  20  1:59  Queen  
  22  2:03  Zergling x4, Queen  
  26  2:11  Drone, Metabolic Boost  
  26  2:15  Drone  
  28  2:26  Drone x2  
  30  2:36  Hatchery  
  29  2:41  Drone  
  30  2:48  Queen  
  32  2:54  Overlord  
  32  2:57  Drone x2  
  34  2:59  Drone  
  34  3:02  Pneumatized Carapace  
  34  3:05  Drone  
  36  3:13  Drone  
  36  3:14  Drone x2  
  36  3:19  Drone, Overlord  
  40  3:23  Drone  
  40  3:24  Drone  
  42  3:28  Queen  
  44  3:36  Overlord  
  44  3:40  Zergling x2  
  45  3:41  Drone  
  45  3:45  Zergling x2  
  45  3:46  Drone x2  
  49  3:49  Queen  
  49  3:50  Drone  
  49  3:55  Zergling x2  
  53  3:56  Drone x3  
  53  4:01  Lair  
  56  4:07  Zergling x4  
  56  4:08  Drone x2  
  60  4:13  Queen  
  60  4:16  Baneling Nest  
  61  4:17  Drone  
  61  4:21  Extractor, Overlord  
  61  4:24  Zergling x2, Drone  
  62  4:28  Spore Crawler  
  62  4:30  Spore Crawler  
  61  4:31  Spore Crawler  
  61  4:32  Drone  
  61  4:34  Zergling x2  
  61  4:35  Drone  
  61  4:37  Drone  
  64  4:42  Overlord  
  64  4:43  Drone x2  
  64  4:45  Zergling x2  
  67  4:47  Drone x2  
  69  4:55  Drone x2  
  69  4:56  Drone  
  69  4:58  Overseer  
  69  4:59  Drone x2  
  74  5:02  Drone x4  
  78  5:07  Extractor  
  78  5:08  Overlord  
  78  5:09  Drone x2  
  78  5:10  Drone  
  80  5:15  Drone  
  80  5:19  Drone  
  80  5:21  Overlord x2  
  82  5:23  Overlord  
  82  5:25  Centrifical Hooks  
  82  5:29  Overseer, Evolution Chamber, Extractor  
  82  5:30  Drone, Evolution Chamber  
  82  5:33  Drone x3  
  83  5:37  Drone x3  
  83  5:38  Drone  
  87  5:44  Overlord  
  87  5:45  Drone x2  
  87  5:47  Drone  
  90  5:51  Overlord  
  90  5:52  Drone x4  
  90  5:54  Extractor  
  90  5:55  Extractor  
  90  5:56  Zerg Ground Armor Level 1  
  92  6:01  Drone x2  
  91  6:10  Zergling x8  
  95  6:11  Hatchery  
  95  6:16  Zergling x10  
  99  6:23  Hydralisk Den  
  99  6:24  Overlord  
  98  6:26  Zergling x10  
  98  6:28  Baneling x5  
  98  6:29  Baneling  
  98  6:30  Overlord  
  103  6:37  Baneling x5  
  103  6:41  Zergling x4  
  103  6:42  Zergling x4  
  103  6:45  Spore Crawler  
  106  6:48  Zergling x12  
  106  6:53  Zerg Melee Weapons Level 1  
  112  6:56  Muscular Augments  
  112  6:57  Drone x4  
  112  7:00  Drone  
  117  7:05  Drone x2  
  117  7:06  Overseer  
  117  7:08  Overlord x2  
  119  7:11  Drone x3  
  119  7:12  Drone  
  122  7:18  Overlord  
  122  7:19  Overseer  
  122  7:23  Queen  
  122  7:29  Zergling x16  
  132  7:33  Baneling x4  
  132  7:38  Overlord  
  132  7:42  Drone x2  
  132  7:44  Overlord x2  
  134  7:50  Hydralisk x2  
  134  7:51  Hydralisk x4  
  138  7:56  Overlord  
  146  7:59  Overlord  
  146  8:05  Hydralisk x7  
  143  8:07  Grooved Spines  
  155  8:21  Overlord  
  155  8:22  Overlord  
  155  8:23  Hydralisk x6  
  167  8:29  Zerg Ground Armor Level 2  
  167  8:30  Baneling  
  167  8:31  Baneling x7  
  167  8:32  Baneling x3  
  167  8:33  Hatchery  
  166  8:38  Baneling  
  166  8:39  Baneling x5  
  166  8:40  Zergling x8  
  166  8:41  Zergling x6  
  173  8:45  Zergling x8  
  177  8:49  Zergling x10  
  180  8:56  Zergling x6  
  180  8:59  Baneling x4  
  180  9:00  Baneling x10  
  183  9:06  Zergling x6  
  177  9:12  Zergling x6  
  177  9:13  Baneling x15  
  167  9:17  Zergling x4  
  167  9:23  Zergling x24  
  170  9:29  Baneling x11  
  170  9:32  Zergling x8  
  174  9:39  Zergling x6  
  174  9:45  Queen  
  179  9:47  Zergling x6  
  179  9:51  Baneling x2  
  179  9:52  Baneling x5  
  182  9:59  Zergling x26  
  190  10:00  Zergling x2  
  176  10:07  Zergling x6  
  176  10:13  Baneling x6  
  161  10:16  Zergling x8  
  161  10:19  Baneling x5  
  161  10:20  Baneling x2  
  165  10:23  Zergling x6  
  156  10:28  Zergling x16  
  156  10:32  Zergling x4  
  158  10:38  Infestation Pit  
  158  10:41  Zergling x12  
Show
View Real Time Build Order
Export as new Build Order

Cure Terran 

Build Orders: Reaper Expand, Banshee Rush 

Get SALT Encoding   

  12  0:00  SCV  
  13  0:13  SCV  
  14  0:17  Supply Depot  
  14  0:25  SCV  
  15  0:38  SCV  
  15  0:40  Barracks  
  16  0:42  Refinery  
  16  0:50  SCV  
  17  1:02  SCV  
  18  1:14  SCV  
  19  1:27  Reaper, Orbital Command  
  20  1:38  Command Center  
  20  1:45  Supply Depot  
  20  1:52  SCV  
  21  1:59  Marine  
  22  2:05  SCV  
  23  2:09  Factory  
  23  2:17  SCV  
  23  2:18  Refinery  
  23  2:20  Barracks Reactor  
  24  2:29  SCV  
  25  2:41  SCV  
  26  2:51  Orbital Command  
  26  2:53  SCV  
  26  2:55  Starport  
  27  3:02  Hellion x2  
  27  3:04  Barracks Tech Lab  
  27  3:05  SCV  
  32  3:17  SCV  
  32  3:18  SCV  
  34  3:23  Command Center  
  34  3:29  SCV  
  34  3:30  SCV  
  36  3:38  Cloaking Field  
  36  3:39  Banshee  
  39  3:41  SCV  
  39  3:42  SCV  
  39  3:46  Supply Depot  
  39  3:47  Marine  
  42  3:53  SCV  
  42  3:54  SCV  
  46  3:56  Hellion  
  46  4:06  Barracks Tech Lab  
  46  4:08  SCV x2, Hellion  
  50  4:20  SCV x2  
  52  4:27  Marine  
  52  4:28  Stimpack  
  53  4:32  SCV  
  53  4:34  SCV, Barracks, Banshee  
  53  4:35  Orbital Command  
  58  4:39  Factory Reactor, Barracks  
  58  4:42  Supply Depot  
  58  4:44  SCV  
  58  4:45  Marine  
  59  4:47  SCV  
  59  4:49  Refinery  
  59  4:50  Engineering Bay  
  61  4:53  Engineering Bay  
  61  4:58  SCV  
  61  4:59  SCV  
  63  5:03  Marine  
  63  5:04  Supply Depot  
  63  5:06  Orbital Command  
  64  5:09  Refinery  
  64  5:10  SCV  
  64  5:11  SCV  
  66  5:17  Terran Infantry Weapons Level 1  
  66  5:19  Terran Infantry Armor Level 1  
  66  5:22  SCV  
  66  5:23  SCV  
  66  5:24  Marine x2  
  66  5:25  Marine  
  66  5:27  Supply Depot  
  71  5:29  Starport Reactor  
  71  5:34  SCV x2  
  71  5:35  Marine x2, SCV  
  76  5:36  Siege Tank  
  76  5:42  Marine  
  80  5:46  SCV x2, Barracks x2  
  80  5:47  SCV  
  83  5:52  Supply Depot  
  83  5:56  Marine x4  
  87  5:58  SCV x2  
  87  5:59  SCV  
  87  6:00  Marine  
  91  6:08  Medivac  
  93  6:13  Medivac, Siege Tank  
  93  6:15  Barracks  
  93  6:16  Barracks  
  93  6:18  Barracks  
  98  6:23  Supply Depot x2  
  98  6:24  Combat Shield  
  98  6:28  Marine x3  
  101  6:34  Barracks Reactor x2  
  101  6:38  Armory  
  101  6:44  Marine  
  101  6:45  SCV x3  
  105  6:47  Marine x4  
  105  6:49  Siege Tank  
  105  6:52  Supply Depot  
  105  6:54  Supply Depot  
  112  6:58  Medivac, Supply Depot  
  112  6:59  Supply Depot  
  114  7:02  Marine  
  114  7:05  Marine x2  
  117  7:10  Marine x2  
  116  7:17  Marine x2  
  116  7:18  Marine x2  
  116  7:20  Marine  
  116  7:21  Supply Depot  
  121  7:26  Supply Depot, Terran Infantry Weapons Level 2, Terran Infantry Armor Level 2  
  121  7:27  Marine x2  
  121  7:28  Marine x2  
  125  7:35  Marine x2, SCV x2  
  125  7:36  SCV, Marine x2  
  132  7:38  Marine, Siege Tank  
  135  7:48  Medivac x2  
  135  7:50  Marine x4  
  143  7:57  Barracks Reactor x2  
  143  8:01  Marine x4  
  143  8:02  Marine  
  148  8:10  Marine x2, Barracks Reactor x2  
  148  8:11  Marine x2  
  139  8:16  Siege Tank  
  139  8:19  Marine  
  143  8:21  Marine x4  
  147  8:28  Marine x2  
  147  8:29  Supply Depot  
  147  8:30  Supply Depot  
  147  8:32  Marine x2, Supply Depot  
  147  8:33  Marine x2  
  152  8:34  Medivac x2  
  152  8:37  Marine  
  152  8:39  Marine x4  
  158  8:46  Marine x2  
  158  8:47  Supply Depot  
  157  8:49  Marine x4  
  157  8:50  Marine x4  
  157  8:52  Supply Depot  
  157  8:55  Marine  
  160  8:57  Marine x4  
  164  9:04  Marine x2  
  164  9:07  Marine x4  
  164  9:08  Marine x2  
  164  9:09  Marine x2  
  162  9:13  Marine  
  157  9:21  Marine x2  
  157  9:22  Marine x4  
  151  9:27  Marine x8  
  159  9:32  Siege Tank  
  159  9:33  Medivac  
  164  9:39  Marine x2  
  164  9:40  Marine x2, Supply Depot  
  168  9:49  Marine x6  
  168  9:50  Marine x2  
  176  9:59  Marine x6  
  173  10:06  Marine  
  173  10:07  Marine x5  
  151  10:11  Siege Tank  
  151  10:13  Marine x2  
  151  10:14  Marine  
  143  10:17  Marine x2  
  143  10:18  Marine x3  
  143  10:20  Marine  
  149  10:24  Marine x3  
  121  10:29  Marine x3  
  121  10:31  Marine  
  99  10:39  Marine x4  
Tags
 
Add a new tag
Caveats
  • Supply blocks, unpowered buildings, or Contaminate may cause inaccurate times.
  • Supply counts are checked every 10 seconds.